 Dungeon Crawl Stone Soup version 0.31-a0-667-g39726597b9 (webtiles) character file.

Game seed: 6113734740663113554

102 holysushi the Trooper (level 4, -3/72 HPs)
             Began as an Ogre Shapeshifter on Sept 3, 2023.
             Slain by Menkaure (9 damage)
             ... on level 4 of the Dungeon.
             The game lasted 00:02:34 (2403 turns).

holysushi the Trooper (Ogre Shapeshifter)           Turns: 2403, Time: 00:02:35

Health: -3/72      AC: 22    Str: 18    XL:     4   Next: 78%
Magic:  4/4        EV:  1    Int: 11    God:
Gold:   111        SH:  0    Dex: 10    Spells: 3/3 levels left

rFire   . . .        e - +0 morningstar (flame)
rCold   . . .        (no shield)
rNeg    . . .        a - melded +1 animal skin
rPois   +            (helmet currently unavailable)
rElec   .            (cloak currently unavailable)
rCorr   .            (gloves unavailable)
SInv    .            (boots unavailable)
Will    .....        (no amulet)
Stlth   +            n - +4 ring of slaying
HPRegen 0.32/turn    t - +5 ring of evasion
MPRegen 0.09/turn

%: no passive effects
@: tree-form
A: stationary, stasis, torment immunity, boosted hp, large, unfitting armour,
(tough skin 1)
a: no special abilities


You were on level 4 of the Dungeon.
You were a tree.
You visited 1 branch of the dungeon, and saw 4 of its levels.

You collected 111 gold pieces.

Inventory:

Hand Weapons
 e - a +0 morningstar of flaming (weapon)
Armour
 a - a +1 animal skin (melded)
Jewellery
 k - a ring of resist corrosion
 l - a ring of see invisible
 n - a +4 ring of slaying (left branch)
 t - a +5 ring of evasion (right branch)
Talismans
 c - a beast talisman
 d - a flux talisman
Scrolls
 o - a scroll of teleportation
 r - a scroll of blinking
Potions
 h - a potion of haste {unknown}
 m - a potion of mutation {unknown}


   Skills:
 + Level 4.1 Fighting
 * Level 1.8 Maces & Flails
 - Level 1.7 Dodging
 - Level 2.6 Unarmed Combat
 + Level 3.5 Shapeshifting


You had 3 spell levels left.
You didn't know any spells.
Your spell library contained the following spells:

 Spells                   Type           Power      Damage    Failure   Level
 Kiss of Death            Conj/Necr      0%         2d5       34%         1
 Sublimation of Blood     Necr           0%         N/A       47%         2
 Wereblood                Tmut           0%         N/A       47%         2
 Confusing Touch          Hex            0%         N/A       71%         3
 Summon Guardian Golem    Hex/Summ       0%         N/A       71%         3
 Dispel Undead            Necr           0%         3d6       98%         4
 Petrify                  Tmut/Erth      0%         N/A       98%         4
 Irradiate                Conj/Tmut      0%         3d11      100%        5
 Orb of Destruction       Conj           0%         9d5       100%        7
 Spellforged Servitor     Conj/Summ      0%         N/A       100%        7


Dungeon Overview and Level Annotations

Branches:
Dungeon (4/15) Zot: 21576
 Temple: D:4-7

Altars:
Nemelex Xobeh

Portals:
Ossuary: D:4

Annotations:
D:2 Robin
D:4 Menkaure


Innate Abilities, Weirdness & Mutations

You are a tree.
Your roots penetrate the ground, keeping you stationary.
You cannot be teleported.
You are immune to unholy pain and torment.
Your maximum health is greatly increased.
Your equipment is partially melded.
You are too large for most types of armour.
((You have tough skin. (AC +1)))


Message History

You kill the hound!
Menkaure completely misses you.
Your Fighting skill increases to level 4!
You barely miss the mummy. Menkaure hits you!
* * * LOW HITPOINT WARNING * * *
The mummy hits you but does no damage.
You puncture the mummy! You burn the mummy!
You destroy the mummy!
Menkaure hits you.
* * * LOW HITPOINT WARNING * * *
Menkaure hits you.
* * * LOW HITPOINT WARNING * * *
You cannot move.
You barely miss Menkaure.
Menkaure hits you but does no damage. x2
You feel better. Menkaure hits you.
* * * LOW HITPOINT WARNING * * *
You feel better. Menkaure hits you but does no damage.
You completely miss Menkaure.
Menkaure hits you but does no damage. x2
You hit Menkaure. You burn Menkaure.
Menkaure is lightly damaged.
Menkaure hits you but does no damage.
You barely miss Menkaure.
Menkaure is lightly damaged.
Menkaure hits you!
* * * LOW HITPOINT WARNING * * *
Menkaure hits you.
* * * LOW HITPOINT WARNING * * *
You hit Menkaure. You burn Menkaure.
Menkaure is lightly damaged.
Menkaure shouts, "Why can't you leave me to my rest?"
Menkaure hits you.
* * * LOW HITPOINT WARNING * * *
The worm bites you but does no damage. Menkaure hits you but does no damage.
You barely miss Menkaure.
Menkaure is lightly damaged.
Menkaure hits you but does no damage. The worm bites you but does no damage.
You closely miss Menkaure.
Menkaure is lightly damaged.
Menkaure hits you!
You die...

.... ..# w. .... #..#
..# ## #..##.. .. #
##$. ####....## .# .# .
....###........##.#..#
...
.......$.......w.....##
... .....).
#....<..##...# ...
......w####.........#
......M♣†...........#
....#####'#####...?## .
#.....##...###
##...##...## ##∩##$...#
###....## #..... ..#..#


You could see Menkaure (fast) and a worm.

Vanquished Creatures
  A hound (D:4)
  A mummy (D:4)
  2 worms
  3 dart slugs
  2 orcs (D:3)
  3 bats (D:1)
  6 endoplasms
  3 giant cockroaches
  7 goblins
  5 hobgoblins
  3 ball pythons
  4 frilled lizards
  4 kobolds
  4 rats (D:1)
48 creatures vanquished.

Notes
Turn   | Place    | Note
-------+----------+-------------------------------------------
     0 | D:1      | holysushi the Ogre Shapeshifter began the quest for the
                  | Orb.
     0 | D:1      | Reached XP level 1. HP: 19/19 MP: 1/1
    68 | D:1      | Reached skill level 2 in Fighting
   148 | D:1      | Reached XP level 2. HP: 29/29 MP: 2/2
   248 | D:1      | Reached skill level 3 in Fighting
   565 | D:1      | Reached XP level 3. HP: 11/37 MP: 3/3
  1548 | D:2      | Noticed Robin
  1660 | D:3      | Found a sparkling altar of Nemelex Xobeh.
  1705 | D:3      | Reached skill level 1 in Maces & Flails
  2144 | D:3      | Reached XP level 4. HP: 48/48 MP: 4/4
  2158 | D:3      | Found a faded altar of an unknown god.
  2383 | D:4      | Found a sand-covered staircase.
  2387 | D:4      | Noticed Menkaure
  2393 | D:4      | Reached skill level 4 in Fighting
  2403 | D:4      | Slain by Menkaure

Illustrated notes

Levels and vault maps discovered:
D:1:      dpeg_arrival_simpleton_c, layout_basic,
          wander_ebering_terrifying_dragon_lair
D:2:      layout_rooms, minmay_misc_feat_cross, minmay_heptomino_o4, uniq_robin
D:3:      layout_loops_ring, mainiacjoe_overflow_six_doors_small,
          shapermc_ecumenical_altar_mp_vishouse
D:4:      layout_cave_pools, kennysheep_mini, gup_ossuary_entry_pyramid,
          minmay_misc_feat_nine_boxes, dreamdust_gnoll_farm, uniq_menkaure

Skill      XL: |  1  2  3  4 |
---------------+-------------+-----
Fighting       | 2 3 4 |  4.1
Maces & Flails | 1 |  1.8
Dodging        | |  1.7
Unarmed Combat | |  2.6
Shapeshifting  | |  3.5

Action                     |  1- 3 |  4- 6 || total
---------------------------+-------+-------++-------
  Melee: Unarmed           |    72 |       ||    72
         Club              |    66 |       ||    66
         Morningstar       |     2 |    16 ||    18
         Punch             |     1 |       ||     1
    Use: Scroll            |     2 |     7 ||     9
         Potion            |       |     3 ||     3
 Armour: Animal skin       |   132 |     7 ||   139
         Skin              |       |    20 ||    20
  Dodge: Dodged            |    85 |     7 ||    92

Table legend: (Time is in decaauts)
 A = Elapsed time spent in this place.
 B = Non-inter-level travel time spent in this place.
 C = Inter-level travel time spent in this place.
 D = Time resting spent in this place.
 E = Time spent auto-exploring this place.
 F = Levels seen in this place.
 G = Mean time per level.
                   A        B        C        D        E       F      G
               +--------+--------+--------+--------+--------+-----+--------+
         Total |   2422 |   2314 |    108 |    289 |   1560 |   4 |  605.5 |
       Dungeon |   2422 |   2314 |    108 |    289 |   1560 |   4 |  605.5 |
               +--------+--------+--------+--------+--------+-----+--------+

Top non-repeatable levels by time:
     D:1: 1276 daAuts
     D:3: 818 daAuts
     D:2: 282 daAuts
     D:4: 45 daAuts
